[ AOE2 MATCH · #484246306 ]
Team RMByzantines vs Franks
[ REPLAY ANALYSIS · EXTRACTED FROM THE RECORDED GAME ]
Feudal
15:26
Castle
29:47
Imperial
41:36
| APM avg | 9.9 |
| APM peak | 35 |
| eAPM avg | 8.4 |
| Villagers / military | 91 / 120 |
Focus
⚔️ 40.8% · 🌾 59.2%
Cataphract ×57 · Spearman ×26 · Knight ×12 · Militia ×6 · Camel Scout ×6 · Fire Galley ×6
Feudal
8:21
Castle
24:41
Imperial
49:34
| APM avg | 19.6 |
| APM peak | 37 |
| eAPM avg | 11.5 |
| Villagers / military | 61 / 144 |
Focus
⚔️ 50.4% · 🌾 49.6%
Knight ×39 · Camel Scout ×34 · Cavalry Archer ×23 · Kipchak ×16 · Scout Cavalry ×14 · Steppe Lancer ×12
Feudal
10:09
Castle
23:45
Imperial
38:32
| APM avg | 9.8 |
| APM peak | 40 |
| eAPM avg | 7.6 |
| Villagers / military | 99 / 71 |
Focus
⚔️ 36.1% · 🌾 63.9%
Ballista Elephant ×28 · Spearman ×26 · Scorpion ×13 · Trade Cart ×12 · Trebuchet (Packed) ×2 · Militia ×1
Feudal
—
Castle
—
Imperial
—
| APM avg | 2.0 |
| APM peak | 43 |
| eAPM avg | 0.8 |
| Villagers / military | 18 / 0 |
Focus
⚔️ 10.3% · 🌾 89.7%
Feudal
—
Castle
—
Imperial
—
| APM avg | 14.7 |
| APM peak | 71 |
| eAPM avg | 11.7 |
| Villagers / military | 153 / 120 |
Focus
⚔️ 34.8% · 🌾 65.2%
Knight ×112 · Trade Cart ×16 · Trebuchet (Packed) ×4 · Monk ×2 · Bombard Cannon ×2
Feudal
10:37
Castle
21:58
Imperial
37:34
| APM avg | 22.3 |
| APM peak | 180 |
| eAPM avg | 16.7 |
| Villagers / military | 155 / 204 |
Focus
⚔️ 32.4% · 🌾 67.6%
Knight ×95 · Scout Cavalry ×75 · Trade Cart ×45 · Hand Cannoneer ×24 · Trebuchet (Packed) ×10
Match map
Initial resources + every placement click. Lines = walls · curves = elevation contours. ◆ gold · ⬟ stone · ● berries · ✦ relic · ◌ wall gap
Your base· ✓ Map-separated
VivaPeron's base· ✓ Map-separated
tottimogo14's base· ✓ Map-separated
CaptOblivious's base· ✓ Map-separated
Wobbuffet3383's base· ✓ Map-separated
jm260515's base· ✓ Map-separated
Smoothed initial terrain · ◌ = detected wall gap · hover for details
Inputs per minute
— nperezb - - VivaPeron
Build order — nperezb
First 150 of 350 actions detected
| 0:11 | Build | House |
| 0:19 | Create | Villager (Male) |
| 0:20 | Create | Villager (Male) |
| 0:21 | Create | Villager (Male) |
| 0:25 | Create | Villager (Male) |
| 1:57 | Build | House |
| 2:51 | Create | Villager (Male) |
| 3:09 | Create | Villager (Male) |
| 4:00 | Create | Villager (Male) |
| 4:26 | Create | Villager (Male) |
| 5:03 | Build | House |
| 5:12 | Create | Villager (Male) |
| 5:14 | Create | Villager (Male) |
| 5:38 | Build | Mill |
| 5:50 | Create | Villager (Male) |
| 6:16 | Build | Mining Camp |
| 6:53 | Create | Villager (Male) |
| 8:27 | Create | Villager (Male) |
| 8:38 | Build | Lumber Camp |
| 8:42 | Create | Villager (Male) |
| 8:48 | Create | Villager (Male) |
| 10:02 | Create | Villager (Male) |
| 10:05 | Create | Villager (Male) |
| 10:19 | Build | House |
| 10:43 | Create | Villager (Male) |
| 10:58 | Build | House |
| 11:20 | Create | Villager (Male) |
| 12:26 | Create | Villager (Male) |
| 12:26 | Create | Villager (Male) |
| 12:32 | Build | House |
| 13:02 | Build | Barracks |
| 13:13 | Research | Feudal Age |
| 13:21 | Build | House |
| 13:30 | Build | Mill |
| 14:11 | Build | House |
| 14:24 | Create | Militia |
| 14:25 | Create | Militia |
| 14:54 | Build | Mining Camp |
| 15:04 | Create | Militia |
| 15:26 | Age | Feudal Age |
| 15:43 | Create | Villager (Male) |
| 15:43 | Create | Villager (Male) |
| 16:08 | Research | Man-at-Arms (upgrade) |
| 16:15 | Build | Farm |
| 16:18 | Create | Villager (Male) |
| 17:09 | Build | Farm |
| 17:16 | Build | Archery Range |
| 17:21 | Build | Stable |
| 17:25 | Build | Blacksmith |
| 17:27 | Create | Villager (Male) |
| 17:28 | Create | Villager (Male) |
| 17:33 | Create | Militia |
| 17:34 | Create | Militia |
| 17:39 | Create | Militia |
| 17:43 | Research | Horse Collar |
| 17:59 | Build | Farm |
| 18:19 | Create | Villager (Male) |
| 18:26 | Build | Farm |
| 18:41 | Build | Farm |
| 18:55 | Research | Loom |
| 18:57 | Create | Villager (Male) |
| 18:57 | Create | Villager (Male) |
| 19:01 | Create | Villager (Male) |
| 19:10 | Build | Farm |
| 19:18 | Build | Farm |
| 19:33 | Create | Villager (Male) |
| 19:41 | Build | Farm |
| 20:13 | Build | House |
| 20:23 | Create | Villager (Male) |
| 20:29 | Build | Farm |
| 20:36 | Build | Farm |
| 21:02 | Create | Villager (Male) |
| 21:23 | Research | Forging |
| 21:34 | Build | Farm |
| 21:38 | Create | Villager (Male) |
| 21:47 | Create | Villager (Male) |
| 22:11 | Build | Dock |
| 22:21 | Build | Farm |
| 22:23 | Create | Villager (Male) |
| 23:06 | Build | Stone Wall |
| 23:15 | Build | Farm |
| 23:18 | Create | Villager (Male) |
| 23:18 | Create | Villager (Male) |
| 23:50 | Build | Farm |
| 24:19 | Build | Farm |
| 24:22 | Create | Villager (Male) |
| 24:22 | Create | Villager (Male) |
| 24:29 | Build | House |
| 24:32 | Build | House |
| 24:41 | Create | Spearman |
| 24:41 | Create | Spearman |
| 24:44 | Create | Villager (Male) |
| 24:49 | Research | Scale Mail Armor |
| 25:00 | Build | Stable |
| 25:15 | Research | Double-Bit Axe |
| 25:36 | Build | Farm |
| 25:40 | Create | Villager (Male) |
| 25:48 | Build | Dock |
| 26:06 | Create | Villager (Male) |
| 26:15 | Build | Lumber Camp |
| 26:25 | Create | Villager (Male) |
| 26:35 | Create | Fishing Ship |
| 26:50 | Build | Gate |
| 26:59 | Build | Farm |
| 27:03 | Research | Castle Age |
| 27:27 | Create | Fishing Ship |
| 27:29 | Research | Tech 906 |
| 27:47 | Research | Padded Archer Armor |
| 29:16 | Build | Stone Wall |
| 29:21 | Build | House |
| 29:24 | Build | House |
| 29:26 | Build | Barracks |
| 29:43 | Research | Scale Barding Armor |
| 29:45 | Research | Fletching |
| 29:47 | Age | Castle Age |
| 29:56 | Create | Villager (Male) |
| 29:56 | Create | Villager (Male) |
| 29:56 | Create | Villager (Male) |
| 29:56 | Create | Villager (Male) |
| 29:57 | Create | Villager (Male) |
| 29:57 | Create | Villager (Male) |
| 30:10 | Create | Fishing Ship |
| 30:10 | Create | Fishing Ship |
| 30:11 | Research | Gillnets |
| 30:14 | Create | Fire Galley |
| 30:14 | Create | Fire Galley |
| 30:26 | Research | Bow Saw |
| 30:42 | Create | Villager (Male) |
| 30:42 | Create | Villager (Male) |
| 31:27 | Build | Farm |
| 31:42 | Create | Villager (Male) |
| 31:42 | Create | Villager (Male) |
| 31:42 | Create | Villager (Male) |
| 31:57 | Build | Gate |
| 32:09 | Build | Stone Wall |
| 32:28 | Build | Town Center |
| 32:36 | Research | Chain Mail Armor |
| 32:42 | Build | Farm |
| 32:47 | Research | Iron Casting |
| 32:50 | Create | Villager (Male) |
| 32:51 | Create | Villager (Male) |
| 33:00 | Build | House |
| 33:04 | Build | House |
| 33:09 | Create | Knight |
| 33:09 | Create | Knight |
| 33:10 | Create | Knight |
| 33:10 | Create | Knight |
| 33:12 | Create | Camel Scout |
| 33:12 | Create | Camel Scout |
| 33:28 | Build | Farm |
Build order — VivaPeron
First 150 of 336 actions detected
| 0:01 | Create | Villager (Male) |
| 0:01 | Create | Villager (Male) |
| 0:03 | Build | House |
| 0:04 | Build | House |
| 0:15 | Create | Villager (Male) |
| 0:15 | Research | Loom |
| 0:16 | Create | Villager (Male) |
| 1:41 | Create | Villager (Male) |
| 2:20 | Create | Villager (Male) |
| 3:17 | Create | Villager (Male) |
| 3:17 | Create | Villager (Male) |
| 3:17 | Create | Villager (Male) |
| 5:17 | Build | Mill |
| 5:25 | Build | Lumber Camp |
| 6:11 | Research | Feudal Age |
| 7:10 | Build | House |
| 7:33 | Build | Palisade Wall |
| 8:06 | Build | Palisade Wall |
| 8:18 | Build | Palisade Wall |
| 8:21 | Age | Feudal Age |
| 8:23 | Research | Wheelbarrow |
| 8:33 | Research | Double-Bit Axe |
| 8:52 | Build | Palisade Wall |
| 9:01 | Create | Villager (Male) |
| 9:06 | Create | Villager (Male) |
| 9:47 | Create | Villager (Male) |
| 10:22 | Build | Palisade Gate |
| 10:27 | Build | Palisade Wall |
| 10:40 | Build | Mining Camp |
| 11:04 | Create | Villager (Male) |
| 11:05 | Create | Villager (Male) |
| 11:26 | Build | Mining Camp |
| 11:40 | Create | Villager (Male) |
| 11:50 | Build | House |
| 12:43 | Create | Villager (Male) |
| 13:08 | Build | Palisade Wall |
| 13:16 | Create | Villager (Male) |
| 13:32 | Build | Farm |
| 13:43 | Research | Horse Collar |
| 13:45 | Build | Farm |
| 14:09 | Create | Villager (Male) |
| 14:38 | Build | Farm |
| 14:52 | Create | Villager (Male) |
| 15:07 | Build | Blacksmith |
| 15:19 | Build | Watch Tower |
| 15:41 | Build | Mining Camp |
| 15:52 | Build | Lumber Camp |
| 15:54 | Create | Villager (Male) |
| 15:54 | Create | Villager (Male) |
| 16:07 | Research | Fletching |
| 16:20 | Create | Villager (Male) |
| 16:49 | Build | House |
| 16:51 | Build | House |
| 17:10 | Create | Villager (Male) |
| 17:38 | Build | Farm |
| 17:47 | Build | Mill |
| 17:50 | Build | Farm |
| 18:19 | Build | House |
| 18:32 | Build | Farm |
| 18:41 | Create | Villager (Male) |
| 19:03 | Build | Palisade Gate |
| 19:18 | Build | Market |
| 19:31 | Create | Villager (Male) |
| 19:31 | Create | Villager (Male) |
| 19:32 | Create | Villager (Male) |
| 19:59 | Build | Farm |
| 20:20 | Build | House |
| 20:24 | Build | House |
| 20:27 | Build | House |
| 20:29 | Build | House |
| 20:34 | Build | Farm |
| 20:54 | Build | Farm |
| 21:44 | Build | Barracks |
| 22:01 | Research | Castle Age |
| 22:31 | Build | House |
| 22:32 | Build | House |
| 22:54 | Build | Palisade Wall |
| 23:09 | Build | Stable |
| 23:21 | Build | Stable |
| 23:55 | Research | Bloodlines |
| 23:57 | Create | Scout Cavalry |
| 23:57 | Create | Scout Cavalry |
| 24:18 | Research | Scale Barding Armor |
| 24:20 | Research | Forging |
| 24:41 | Age | Castle Age |
| 24:45 | Build | Monastery |
| 24:51 | Build | Farm |
| 24:55 | Build | Farm |
| 25:22 | Research | Light Cavalry (upgrade) |
| 25:24 | Create | Camel Scout |
| 25:24 | Create | Knight |
| 25:38 | Create | Villager (Male) |
| 25:40 | Create | Villager (Male) |
| 25:56 | Build | Farm |
| 26:00 | Create | Monk |
| 26:07 | Research | Fervor |
| 26:19 | Create | Villager (Male) |
| 26:20 | Create | Villager (Male) |
| 26:45 | Create | Camel Scout |
| 26:46 | Create | Knight |
| 27:30 | Build | Stable |
| 27:39 | Build | Castle |
| 27:57 | Create | Camel Scout |
| 27:57 | Create | Knight |
| 27:58 | Create | Steppe Lancer |
| 27:58 | Create | Scout Cavalry |
| 28:08 | Create | Villager (Male) |
| 28:08 | Create | Villager (Male) |
| 28:17 | Create | Knight |
| 28:18 | Create | Camel Scout |
| 28:53 | Create | Camel Scout |
| 28:53 | Create | Knight |
| 29:26 | Create | Camel Scout |
| 29:26 | Create | Knight |
| 29:48 | Create | Villager (Male) |
| 29:49 | Create | Villager (Male) |
| 29:56 | Create | Camel Scout |
| 29:56 | Create | Knight |
| 30:26 | Build | Town Center |
| 30:37 | Build | Farm |
| 30:57 | Research | Iron Casting |
| 31:10 | Build | Archery Range |
| 31:11 | Build | Archery Range |
| 31:18 | Create | Camel Scout |
| 31:18 | Create | Knight |
| 31:22 | Create | Kipchak |
| 31:22 | Create | Kipchak |
| 31:34 | Build | Stable |
| 31:55 | Create | Villager (Male) |
| 31:55 | Create | Villager (Male) |
| 32:04 | Create | Camel Scout |
| 32:04 | Create | Knight |
| 32:07 | Create | Kipchak |
| 32:07 | Create | Kipchak |
| 32:08 | Create | Kipchak |
| 32:25 | Create | Kipchak |
| 32:33 | Create | Cavalry Archer |
| 32:39 | Research | Padded Archer Armor |
| 33:05 | Create | Villager (Male) |
| 33:06 | Create | Villager (Male) |
| 33:06 | Create | Villager (Male) |
| 33:19 | Build | House |
| 33:20 | Build | House |
| 33:21 | Build | House |
| 33:40 | Create | Villager (Male) |
| 33:40 | Create | Villager (Male) |
| 33:41 | Create | Villager (Male) |
| 33:48 | Build | Mining Camp |
| 33:54 | Create | Villager (Male) |
| 33:55 | Create | Villager (Male) |
Build order — tottimogo14
First 150 of 307 actions detected
| 0:02 | Create | Villager (Male) |
| 0:02 | Create | Villager (Male) |
| 0:02 | Create | Villager (Male) |
| 0:03 | Create | Villager (Male) |
| 0:03 | Create | Villager (Male) |
| 0:06 | Build | House |
| 0:09 | Build | House |
| 2:33 | Research | Loom |
| 2:34 | Create | Villager (Male) |
| 3:04 | Create | Villager (Male) |
| 3:05 | Create | Villager (Male) |
| 3:05 | Create | Villager (Male) |
| 3:35 | Build | Mill |
| 4:12 | Create | Villager (Male) |
| 4:13 | Create | Villager (Male) |
| 4:28 | Create | Villager (Male) |
| 6:02 | Build | Lumber Camp |
| 6:33 | Create | Villager (Male) |
| 6:33 | Create | Villager (Male) |
| 6:35 | Create | Villager (Male) |
| 6:36 | Create | Villager (Male) |
| 6:40 | Create | Villager (Male) |
| 7:13 | Build | House |
| 7:20 | Build | House |
| 7:22 | Build | House |
| 7:59 | Research | Feudal Age |
| 9:03 | Create | Villager (Male) |
| 9:03 | Create | Villager (Male) |
| 9:04 | Create | Villager (Male) |
| 9:20 | Build | Mining Camp |
| 9:25 | Create | Villager (Male) |
| 9:25 | Create | Villager (Male) |
| 10:09 | Age | Feudal Age |
| 10:23 | Research | Double-Bit Axe |
| 10:36 | Create | Villager (Male) |
| 11:44 | Build | Farm |
| 12:13 | Build | Farm |
| 14:13 | Build | Farm |
| 14:13 | Build | Farm |
| 14:17 | Create | Villager (Male) |
| 14:17 | Create | Villager (Male) |
| 14:21 | Create | Villager (Male) |
| 14:21 | Create | Villager (Male) |
| 14:22 | Create | Villager (Male) |
| 14:27 | Research | Gold Mining |
| 14:28 | Research | Stone Mining |
| 14:37 | Build | Farm |
| 14:38 | Build | Farm |
| 14:38 | Build | Farm |
| 14:39 | Build | Farm |
| 15:03 | Build | Mining Camp |
| 15:28 | Build | Lumber Camp |
| 15:45 | Build | Farm |
| 15:49 | Create | Villager (Male) |
| 16:15 | Create | Villager (Male) |
| 16:36 | Build | Blacksmith |
| 16:46 | Create | Villager (Male) |
| 17:13 | Build | Lumber Camp |
| 17:43 | Research | Wheelbarrow |
| 18:28 | Build | Market |
| 18:43 | Create | Villager (Male) |
| 19:14 | Create | Villager (Male) |
| 19:16 | Create | Villager (Male) |
| 19:48 | Build | Stable |
| 20:10 | Build | House |
| 20:12 | Build | House |
| 20:14 | Build | House |
| 20:17 | Build | House |
| 20:21 | Build | House |
| 20:36 | Research | Town Watch |
| 21:05 | Research | Castle Age |
| 21:31 | Create | Villager (Male) |
| 21:31 | Create | Villager (Male) |
| 23:11 | Build | Farm |
| 23:12 | Build | Farm |
| 23:19 | Create | Villager (Male) |
| 23:19 | Create | Villager (Male) |
| 23:20 | Create | Villager (Male) |
| 23:45 | Age | Castle Age |
| 24:02 | Research | Horse Collar |
| 24:06 | Research | Bow Saw |
| 24:10 | Create | Scout Cavalry |
| 24:36 | Build | Farm |
| 24:41 | Build | Farm |
| 24:54 | Build | Farm |
| 25:09 | Build | Town Center |
| 25:29 | Create | Villager (Male) |
| 25:29 | Create | Villager (Male) |
| 25:44 | Create | Villager (Male) |
| 26:00 | Research | Bloodlines |
| 26:01 | Research | Husbandry |
| 26:27 | Create | Villager (Male) |
| 26:28 | Create | Villager (Male) |
| 26:56 | Research | Heavy Plow |
| 27:33 | Create | Villager (Male) |
| 27:33 | Create | Villager (Male) |
| 27:33 | Create | Villager (Male) |
| 27:34 | Create | Villager (Male) |
| 27:34 | Create | Villager (Male) |
| 27:51 | Build | Farm |
| 27:53 | Build | Farm |
| 28:05 | Build | Farm |
| 28:05 | Build | Farm |
| 28:11 | Build | Farm |
| 28:28 | Build | Farm |
| 28:29 | Build | Farm |
| 28:32 | Build | Farm |
| 28:51 | Build | Castle |
| 29:07 | Create | Villager (Male) |
| 29:26 | Build | University |
| 29:38 | Build | Mining Camp |
| 29:49 | Research | Gold Shaft Mining |
| 29:50 | Research | Stone Shaft Mining |
| 29:56 | Create | Villager (Male) |
| 29:56 | Create | Villager (Male) |
| 29:56 | Create | Villager (Male) |
| 29:57 | Create | Villager (Male) |
| 30:02 | Create | Villager (Male) |
| 30:02 | Create | Villager (Male) |
| 30:03 | Create | Villager (Male) |
| 30:03 | Create | Villager (Male) |
| 30:03 | Create | Villager (Male) |
| 30:22 | Research | Light Cavalry (upgrade) |
| 30:41 | Research | Scale Barding Armor |
| 30:42 | Research | Scale Mail Armor |
| 30:43 | Research | Forging |
| 30:53 | Create | Villager (Male) |
| 31:04 | Build | Farm |
| 31:12 | Build | Farm |
| 31:22 | Build | Farm |
| 31:45 | Research | Tusk Swords |
| 32:08 | Research | Ballistics |
| 32:15 | Build | Mining Camp |
| 32:23 | Research | Hand Cart |
| 32:42 | Build | Siege Workshop |
| 32:45 | Build | Siege Workshop |
| 32:51 | Build | Siege Workshop |
| 32:57 | Build | Siege Workshop |
| 33:00 | Build | Siege Workshop |
| 33:18 | Create | Villager (Male) |
| 33:19 | Create | Villager (Male) |
| 33:19 | Create | Villager (Male) |
| 33:35 | Create | Villager (Male) |
| 33:35 | Create | Villager (Male) |
| 33:35 | Create | Villager (Male) |
| 33:41 | Research | Iron Casting |
| 34:01 | Create | Villager (Male) |
| 34:01 | Create | Villager (Male) |
| 34:18 | Create | Villager (Male) |
| 34:22 | Research | Town Patrol |
Build order — CaptOblivious
23 actions detected in the replay
| 0:04 | Create | Villager (Male) |
| 0:04 | Create | Villager (Male) |
| 0:04 | Create | Villager (Male) |
| 0:05 | Create | Villager (Male) |
| 0:05 | Create | Villager (Male) |
| 0:07 | Build | House |
| 0:09 | Build | House |
| 1:43 | Create | Villager (Male) |
| 1:50 | Build | Lumber Camp |
| 1:54 | Create | Villager (Male) |
| 1:54 | Create | Villager (Male) |
| 2:33 | Create | Villager (Male) |
| 2:33 | Create | Villager (Male) |
| 2:52 | Create | Villager (Male) |
| 2:55 | Create | Villager (Male) |
| 2:56 | Create | Villager (Male) |
| 3:01 | Build | House |
| 3:07 | Build | House |
| 3:29 | Create | Villager (Male) |
| 3:30 | Create | Villager (Male) |
| 4:02 | Create | Villager (Male) |
| 4:02 | Create | Villager (Male) |
| 4:20 | Create | Villager (Male) |
Build order — Wobbuffet3383
First 150 of 453 actions detected
| 0:07 | Build | House |
| 0:10 | Build | House |
| 0:18 | Create | Villager (Male) |
| 0:18 | Create | Villager (Male) |
| 0:18 | Create | Villager (Male) |
| 0:18 | Create | Villager (Male) |
| 0:19 | Create | Villager (Male) |
| 0:19 | Create | Villager (Male) |
| 0:20 | Research | Loom |
| 1:33 | Create | Villager (Male) |
| 1:34 | Create | Villager (Male) |
| 1:39 | Research | Loom |
| 2:09 | Create | Villager (Male) |
| 2:09 | Create | Villager (Male) |
| 2:09 | Create | Villager (Male) |
| 2:13 | Research | Loom |
| 2:53 | Create | Villager (Male) |
| 2:53 | Create | Villager (Male) |
| 3:24 | Create | Villager (Male) |
| 3:24 | Create | Villager (Male) |
| 3:24 | Create | Villager (Male) |
| 3:25 | Create | Villager (Male) |
| 4:11 | Build | House |
| 4:12 | Build | House |
| 4:41 | Build | Mill |
| 5:01 | Create | Villager (Male) |
| 5:01 | Create | Villager (Male) |
| 5:02 | Create | Villager (Male) |
| 5:02 | Create | Villager (Male) |
| 5:02 | Create | Villager (Male) |
| 5:02 | Create | Villager (Male) |
| 5:03 | Create | Villager (Male) |
| 5:38 | Create | Villager (Male) |
| 5:39 | Create | Villager (Male) |
| 5:39 | Create | Villager (Male) |
| 6:22 | Create | Villager (Male) |
| 6:22 | Create | Villager (Male) |
| 6:23 | Create | Villager (Male) |
| 6:23 | Create | Villager (Male) |
| 7:45 | Build | Lumber Camp |
| 8:12 | Create | Villager (Male) |
| 8:12 | Create | Villager (Male) |
| 8:12 | Create | Villager (Male) |
| 8:12 | Create | Villager (Male) |
| 8:13 | Create | Villager (Male) |
| 8:13 | Create | Villager (Male) |
| 8:13 | Create | Villager (Male) |
| 8:13 | Create | Villager (Male) |
| 8:14 | Create | Villager (Male) |
| 8:41 | Build | House |
| 8:56 | Build | House |
| 8:58 | Build | House |
| 9:11 | Research | Feudal Age |
| 9:15 | Research | Feudal Age |
| 10:20 | Build | Mining Camp |
| 10:55 | Build | Mining Camp |
| 11:02 | Create | Villager (Male) |
| 11:02 | Create | Villager (Male) |
| 11:03 | Create | Villager (Male) |
| 11:03 | Create | Villager (Male) |
| 11:03 | Create | Villager (Male) |
| 11:03 | Create | Villager (Male) |
| 11:04 | Create | Villager (Male) |
| 11:04 | Create | Villager (Male) |
| 13:11 | Build | Farm |
| 13:12 | Build | Farm |
| 13:15 | Build | Farm |
| 13:17 | Build | Farm |
| 13:19 | Build | Farm |
| 13:24 | Build | Farm |
| 13:27 | Build | Farm |
| 13:28 | Build | Farm |
| 14:52 | Create | Villager (Male) |
| 14:52 | Create | Villager (Male) |
| 14:53 | Create | Villager (Male) |
| 14:53 | Create | Villager (Male) |
| 15:18 | Create | Villager (Male) |
| 15:19 | Create | Villager (Male) |
| 15:26 | Build | House |
| 15:28 | Build | House |
| 15:29 | Build | House |
| 15:43 | Build | Lumber Camp |
| 16:01 | Create | Villager (Male) |
| 16:02 | Create | Villager (Male) |
| 16:02 | Create | Villager (Male) |
| 16:02 | Create | Villager (Male) |
| 16:22 | Build | Farm |
| 16:24 | Build | Farm |
| 16:28 | Build | Farm |
| 16:32 | Build | Farm |
| 16:36 | Build | Farm |
| 16:47 | Build | Barracks |
| 16:51 | Create | Villager (Male) |
| 16:51 | Create | Villager (Male) |
| 16:51 | Create | Villager (Male) |
| 16:52 | Create | Villager (Male) |
| 17:07 | Build | Blacksmith |
| 17:12 | Create | Villager (Male) |
| 17:13 | Create | Villager (Male) |
| 17:13 | Create | Villager (Male) |
| 17:29 | Create | Villager (Male) |
| 17:30 | Create | Villager (Male) |
| 17:46 | Create | Villager (Male) |
| 17:46 | Create | Villager (Male) |
| 17:46 | Create | Villager (Male) |
| 17:47 | Create | Villager (Male) |
| 18:14 | Create | Villager (Male) |
| 18:14 | Create | Villager (Male) |
| 18:15 | Create | Villager (Male) |
| 18:15 | Create | Villager (Male) |
| 18:26 | Build | Market |
| 18:47 | Build | House |
| 18:48 | Build | House |
| 18:49 | Build | House |
| 18:51 | Build | House |
| 18:52 | Build | House |
| 18:55 | Build | House |
| 19:04 | Build | Lumber Camp |
| 19:12 | Create | Villager (Male) |
| 19:12 | Create | Villager (Male) |
| 19:12 | Create | Villager (Male) |
| 19:13 | Create | Villager (Male) |
| 19:13 | Create | Villager (Male) |
| 19:13 | Create | Villager (Male) |
| 19:13 | Create | Villager (Male) |
| 19:26 | Build | Farm |
| 19:28 | Build | Farm |
| 19:30 | Build | Farm |
| 19:36 | Build | Farm |
| 19:40 | Build | Farm |
| 20:32 | Create | Villager (Male) |
| 20:32 | Create | Villager (Male) |
| 20:33 | Create | Villager (Male) |
| 20:33 | Create | Villager (Male) |
| 20:33 | Create | Villager (Male) |
| 20:33 | Create | Villager (Male) |
| 20:33 | Create | Villager (Male) |
| 20:34 | Create | Villager (Male) |
| 20:42 | Build | Lumber Camp |
| 20:53 | Research | Double-Bit Axe |
| 21:01 | Research | Gold Mining |
| 22:44 | Research | Castle Age |
| 22:45 | Create | Villager (Male) |
| 22:45 | Create | Villager (Male) |
| 22:46 | Create | Villager (Male) |
| 23:07 | Build | Farm |
| 23:09 | Build | Farm |
| 23:13 | Build | Farm |
| 23:18 | Build | Farm |
| 23:20 | Build | Farm |
Build order — jm260515
First 150 of 448 actions detected
| 0:03 | Build | House |
| 0:04 | Create | Villager (Male) |
| 0:04 | Create | Villager (Male) |
| 0:05 | Create | Villager (Male) |
| 0:07 | Build | House |
| 0:21 | Create | Villager (Male) |
| 0:52 | Research | Loom |
| 2:02 | Create | Villager (Male) |
| 2:02 | Create | Villager (Male) |
| 2:42 | Build | Mill |
| 3:02 | Create | Villager (Male) |
| 3:02 | Create | Villager (Male) |
| 3:02 | Create | Villager (Male) |
| 3:28 | Build | House |
| 4:04 | Create | Villager (Male) |
| 4:05 | Create | Villager (Male) |
| 4:26 | Build | House |
| 4:28 | Build | Palisade Wall |
| 4:40 | Create | Villager (Male) |
| 5:23 | Create | Villager (Male) |
| 5:25 | Research | Wheelbarrow |
| 5:25 | Research | Wheelbarrow |
| 5:41 | Create | Villager (Male) |
| 6:33 | Create | Villager (Male) |
| 6:33 | Create | Villager (Male) |
| 7:55 | Build | Lumber Camp |
| 8:02 | Create | Villager (Male) |
| 8:07 | Create | Villager (Male) |
| 8:27 | Research | Feudal Age |
| 8:27 | Research | Feudal Age |
| 10:37 | Age | Feudal Age |
| 10:38 | Research | Hand Cart |
| 10:40 | Research | Double-Bit Axe |
| 10:48 | Research | Horse Collar |
| 11:32 | Build | Farm |
| 11:33 | Build | Farm |
| 11:34 | Build | Farm |
| 11:36 | Build | Farm |
| 11:51 | Create | Villager (Male) |
| 11:51 | Create | Villager (Male) |
| 11:57 | Build | Farm |
| 12:17 | Build | Lumber Camp |
| 12:31 | Build | Farm |
| 12:41 | Create | Villager (Male) |
| 12:44 | Build | Farm |
| 12:47 | Research | Town Watch |
| 13:15 | Build | Farm |
| 13:30 | Create | Villager (Male) |
| 13:55 | Create | Villager (Male) |
| 13:59 | Build | Farm |
| 14:02 | Build | House |
| 14:04 | Build | House |
| 14:06 | Build | House |
| 14:07 | Build | House |
| 14:18 | Build | Farm |
| 14:21 | Build | Farm |
| 14:24 | Create | Villager (Male) |
| 14:27 | Build | Farm |
| 14:36 | Build | Farm |
| 14:52 | Create | Villager (Male) |
| 15:14 | Build | House |
| 15:18 | Build | House |
| 15:46 | Build | Stone Wall |
| 15:48 | Create | Villager (Male) |
| 15:49 | Create | Villager (Male) |
| 15:49 | Create | Villager (Male) |
| 15:51 | Build | Mining Camp |
| 15:54 | Create | Villager (Male) |
| 16:01 | Build | Blacksmith |
| 16:25 | Research | Heavy Plow |
| 16:45 | Build | Mill |
| 17:10 | Build | Stone Wall |
| 17:20 | Create | Villager (Male) |
| 17:24 | Build | Farm |
| 17:28 | Build | Farm |
| 17:29 | Build | Farm |
| 18:07 | Build | Market |
| 18:13 | Create | Villager (Male) |
| 18:14 | Create | Villager (Male) |
| 18:14 | Create | Villager (Male) |
| 18:35 | Research | Gold Mining |
| 18:58 | Build | House |
| 19:04 | Build | House |
| 19:07 | Build | Stone Wall |
| 19:18 | Research | Castle Age |
| 19:19 | Research | Castle Age |
| 19:27 | Build | Farm |
| 20:14 | Build | Mining Camp |
| 20:36 | Build | Farm |
| 20:41 | Build | Farm |
| 20:50 | Build | Farm |
| 21:57 | Create | Villager (Male) |
| 21:58 | Age | Castle Age |
| 22:09 | Build | Town Center |
| 22:20 | Create | Villager (Male) |
| 22:23 | Create | Villager (Male) |
| 22:48 | Build | Mining Camp |
| 22:51 | Create | Villager (Male) |
| 22:53 | Create | Villager (Male) |
| 23:29 | Research | Stone Mining |
| 23:31 | Research | Gold Shaft Mining |
| 23:39 | Research | Forging |
| 23:40 | Research | Scale Barding Armor |
| 23:51 | Build | Barracks |
| 23:57 | Create | Villager (Male) |
| 23:57 | Create | Villager (Male) |
| 23:59 | Create | Villager (Male) |
| 24:16 | Create | Villager (Male) |
| 24:17 | Create | Villager (Male) |
| 24:17 | Create | Villager (Male) |
| 24:41 | Create | Villager (Male) |
| 24:49 | Build | Stable |
| 24:54 | Build | Farm |
| 24:55 | Build | Farm |
| 24:56 | Build | Farm |
| 24:58 | Build | Farm |
| 24:59 | Build | Farm |
| 25:08 | Create | Villager (Male) |
| 25:35 | Build | Farm |
| 25:43 | Create | Villager (Male) |
| 25:49 | Research | Bow Saw |
| 25:50 | Research | Bow Saw |
| 26:02 | Create | Knight |
| 26:08 | Research | Husbandry |
| 26:21 | Build | Farm |
| 26:33 | Create | Villager (Male) |
| 26:33 | Create | Villager (Male) |
| 26:39 | Create | Villager (Male) ×5 |
| 26:50 | Research | Two-Man Saw |
| 27:11 | Research | Town Patrol |
| 27:22 | Build | Farm |
| 27:32 | Build | Farm |
| 27:33 | Build | Farm |
| 27:34 | Build | Farm |
| 27:42 | Build | Farm |
| 28:04 | Build | Town Center |
| 28:27 | Create | Villager (Male) |
| 28:29 | Create | Villager (Male) |
| 28:29 | Create | Villager (Male) |
| 28:32 | Build | Farm |
| 28:41 | Build | House |
| 28:47 | Create | Villager (Male) |
| 28:49 | Create | Villager (Male) |
| 28:56 | Create | Villager (Male) |
| 28:57 | Create | Villager (Male) |
| 29:19 | Build | Lumber Camp |
| 29:31 | Build | Lumber Camp |
| 29:49 | Create | Villager (Male) |
| 29:50 | Create | Villager (Male) |
| 29:51 | Create | Villager (Male) |
Match timeline
| 4:28 | jm260515 · wall_segment Palisade Wall x1 |
| 4:47 | CaptOblivious · resign |
| 7:33 | VivaPeron · wall_segment Palisade Wall x13 |
| 8:06 | VivaPeron · wall_segment Palisade Wall x15 |
| 8:18 | VivaPeron · wall_segment Palisade Wall x5 |
| 8:21 | VivaPeron · age_up feudal |
| 8:52 | VivaPeron · wall_segment Palisade Wall x5 |
| 10:09 | tottimogo14 · age_up feudal |
| 10:27 | VivaPeron · wall_segment Palisade Wall x7 |
| 10:37 | jm260515 · age_up feudal |
| 13:02 | nperezb · first_building Barracks |
| 13:08 | VivaPeron · wall_segment Palisade Wall x21 |
| 15:26 | nperezb · age_up feudal |
| 15:46 | jm260515 · wall_segment Stone Wall x10 |
| 16:47 | Wobbuffet3383 · first_building Barracks |
| 17:10 | jm260515 · wall_segment Stone Wall x6 |
| 17:16 | nperezb · first_building Archery Range |
| 17:21 | nperezb · first_building Stable |
| 19:07 | jm260515 · wall_segment Stone Wall x1 |
| 19:48 | tottimogo14 · first_building Stable |
| 21:44 | VivaPeron · first_building Barracks |
| 21:58 | jm260515 · age_up castle |
| 22:11 | nperezb · first_building Dock |
| 22:54 | VivaPeron · wall_segment Palisade Wall x1 |
| 23:06 | nperezb · wall_segment Stone Wall x17 |
| 23:09 | VivaPeron · first_building Stable |
| 23:45 | tottimogo14 · age_up castle |
| 23:51 | jm260515 · first_building Barracks |
| 24:41 | VivaPeron · age_up castle |
| 24:45 | VivaPeron · first_building Monastery |
| 24:49 | jm260515 · first_building Stable |
| 26:56 | Wobbuffet3383 · first_building Monastery |
| 27:39 | VivaPeron · first_building Castle |
| 28:51 | tottimogo14 · first_building Castle |
| 29:16 | nperezb · wall_segment Stone Wall x12 |
| 29:47 | nperezb · age_up castle |
| 30:05 | Wobbuffet3383 · first_building Castle |
| 31:10 | VivaPeron · first_building Archery Range |
| 31:36 | Wobbuffet3383 · first_building Stable |
| 32:09 | nperezb · wall_segment Stone Wall x12 |
| 32:21 | jm260515 · first_building Monastery |
| 32:42 | tottimogo14 · first_building Siege Workshop |
| 32:50 | jm260515 · first_building Archery Range |
| 33:18 | Wobbuffet3383 · wall_segment Stone Wall x12 |
| 34:17 | jm260515 · wall_segment Stone Wall x39 |
| 34:55 | tottimogo14 · first_building Barracks |
| 35:46 | nperezb · first_building Castle |
| 36:46 | nperezb · first_building Monastery |
| 37:34 | jm260515 · age_up imperial |
| 38:32 | tottimogo14 · age_up imperial |
| 39:17 | nperezb · wall_segment Stone Wall x11 |
| 40:38 | nperezb · wall_segment Stone Wall x18 |
| 41:36 | nperezb · age_up imperial |
| 42:18 | jm260515 · first_building Castle |
| 46:27 | Wobbuffet3383 · wall_segment Stone Wall x36 |
| 48:11 | nperezb · wall_segment Stone Wall x6 |
| 49:07 | jm260515 · wall_segment Stone Wall x12 |
| 49:34 | nperezb · wall_segment Stone Wall x2 |
| 49:34 | VivaPeron · age_up imperial |
| 50:02 | Wobbuffet3383 · first_building Siege Workshop |
| 50:15 | nperezb · first_market_sell 100 wood |
| 55:41 | nperezb · first_building Siege Workshop |
| 57:10 | Wobbuffet3383 · wall_segment Stone Wall x113 |
| 58:14 | jm260515 · first_market_sell 500 food |
| 58:37 | tottimogo14 · first_market_sell 100 food |
[ AI ANALYSIS · 1 CREDIT ]
What really happened in this match?
Wolo.gg analyzes every decision: build order, eco, micro, common mistakes by bracket. Personalized analysis on WhatsApp or Discord in 30 seconds.
Civ guide
Byzantines
Map guide
Seasons
Perfil
Jugador #5613837